 Dungeon Crawl Stone Soup version 0.22.1-6-g1668fe2 (webtiles) character file.

24525 systemy the Severer (level 12, -2/107 (108) HPs)
             Began as a Minotaur Berserker on Jan 30, 2019.
             Was a High Priest of Trog.
             Slain by a catoblepas (15 damage)
             ... on level 13 of the Dungeon.
             The game lasted 00:23:40 (10789 turns).

systemy the Severer (Minotaur Berserker)           Turns: 10789, Time: 00:23:41

HP:   -2/107 (108)  AC: 17    Str: 25    XL:     12   Next: 81%
MP:   9/9           EV:  9    Int:  9    God:    Trog [*****.]
Gold: 890           SH: 13    Dex: 11    Spells: 11/11 levels left

rFire    . . .     SeeInvis +   z - +6 hand axe of the Equator {chop, rN++}
rCold    . . .     Gourm    .   k - +1 shield
rNeg     + + .     Faith    .   B - +0 plate armour
rPois    .         Spirit   .   (helmet restricted)
rElec    .         Reflect  .   T - +0 cloak {MR+}
rCorr    .         Harm     .   (no gloves)
MR       +....                  j - +0 pair of boots
Stlth    ..........             G - amulet of regeneration
HPRegen  0.67/turn              w - ring "Vunisk" {Int+4 Stlth+}
MPRegen  0.11/turn              n - ring of see invisible

@: no status effects
A: retaliatory headbutt, horns 2, low mp 1, MP-powered wands
a: Berserk, Trog's Hand, Brothers in Arms, Renounce Religion


You were on level 13 of the Dungeon.
You worshipped Trog.
Trog was extremely pleased with you.
You were not hungry.

You visited 1 branch of the dungeon, and saw 13 of its levels.

You collected 890 gold pieces.

Inventory:

Hand Weapons
 a - a +0 hand axe
 t - a +3 hand axe of electrocution
 z - the +6 hand axe of the Equator (weapon) {chop, rN++}
   (You found it on level 4 of the Dungeon)

   It inflicts extra damage upon your enemies.
   It greatly protects you from negative energy.
 Y - a +3 hand axe of flaming
Armour
 b - a +0 animal skin
 d - a +1 cloak
 f - a +0 ring mail
 j - a +0 pair of boots (worn)
 k - a +1 shield (worn)
 r - a +0 ring mail
 B - a +0 plate armour (worn)
 P - a +2 troll leather armour {Snorg}
 T - a +0 cloak of magic resistance (worn)
Jewellery
 e - an uncursed ring of resist corrosion
 g - an uncursed ring of positive energy
 h - an uncursed ring of stealth
 m - an uncursed amulet of faith
 n - a ring of see invisible (right hand)
 u - an uncursed ring of protection from cold
 w - the ring "Vunisk" (left hand) {Int+4 Stlth+}
   (You found it on level 4 of the Dungeon)

   [ring of stealth]

   It affects your intelligence (+4).
   It makes you more stealthy.
 G - an amulet of regeneration (around neck)
 U - the ring of Xodeohipt {rN+ AC+2 Str+2, unknown}
   (You found it on level 12 of the Dungeon)

   [ring of protection]

   It affects your AC (+2).
   It affects your strength (+2).
   It protects you from negative energy.
 V - the amulet "Kimyeng" {Inacc rPois rC- rN+++ Stlth+, unknown}
   (You found it on level 11 of the Dungeon)

   [amulet of inaccuracy]

   It reduces the accuracy of all your attacks.
   It makes you vulnerable to cold.
   It protects you from poison.
   It renders you almost immune to negative energy.
   It makes you more stealthy.
 W - an uncursed ring of protection from magic {unknown}
Wands
 A - a wand of flame (13)
 F - a wand of clouds (5)
 I - a wand of acid (8)
 L - a wand of disintegration (41)
 N - a wand of digging (10)
Scrolls
 l - 10 scrolls of identify
 p - 2 scrolls of enchant armour
 s - 2 scrolls of amnesia
 v - 4 scrolls of remove curse
 y - a scroll of blinking
 C - 2 scrolls of fear
 D - 3 scrolls of teleportation
 M - a scroll of magic mapping {unknown}
 R - a scroll of holy word {unknown}
 S - a scroll of immolation {unknown}
Potions
 i - 3 potions of degeneration
 o - a potion of invisibility
 q - 2 potions of brilliance
 x - a potion of might
 E - a potion of ambrosia
 H - 3 potions of curing
 J - a potion of heal wounds
 K - a potion of mutation
 O - 2 potions of magic
 Q - 2 potions of cancellation
 X - a potion of agility
Comestibles
 c - 19 rations


   Skills:
 + Level 10.8 Fighting
 * Level 16.8 Axes
 + Level 10.2 Armour
 + Level 6.9 Dodging
 + Level 10.9 Shields


You had 11 spell levels left.
You didn't know any spells.
Your spell library was empty.

Dungeon Overview and Level Annotations

Branches:
Dungeon (13/15)            Temple (0/1) D:4            Lair (0/6) D:8
    Orc (0/2) D:10
 Vaults: D:13-14

Altars:
Ashenzari
Cheibriados
Gozag
Makhleb
Nemelex Xobeh
Okawaru
Uskayaw
Wu Jian
Xom
Yredelemnul
The Shining One

Shops:
D:5 %

Annotations:
D:9 1 runed door
D:12 exclusion: downstairs


Innate Abilities, Weirdness & Mutations

You reflexively headbutt those who attack you in melee.
You have a pair of horns on your head.
Your magical capacity is low. (-10% MP)
You expend magic power (3 MP) to strengthen your wands.


Message History

The catoblepas breathes a plume of calcifying dust at you.
The blast of calcifying dust hits you!
You are engulfed in calcifying dust.
The catoblepas gores you!!
You are engulfed in calcifying dust.
The catoblepas gores you.
You are engulfed in calcifying dust.
The catoblepas gores you!
You are engulfed in calcifying dust.
The catoblepas breathes a plume of calcifying dust at you.
The blast of calcifying dust hits you! The troll bites you but does no damage.
The troll claws you but does no damage. The troll claws you.
You turn to flesh and can move again.
You hit the catoblepas but do no damage.
You headbutt the catoblepas!
The catoblepas is moderately wounded.
You hit the troll. The catoblepas gores you!
* * * LOW HITPOINT WARNING * * *
The troll bites you!
* * * LOW HITPOINT WARNING * * *
The troll claws you but does no damage. The troll barely misses you.
The catoblepas gores you!
You die...

..... .....
...... ......
####......
#####..)......
#.§.T)))..#
#...Y.))###
#.)@†...#
#.......#
#=.††...#
#.......#
#.......#
#.......#
#########


You could see a catoblepas and a troll.

Vanquished Creatures
  A very ugly thing (D:8)
  Snorg (D:10)
  2 hydras
  4 two-headed ogres
  A fire crab (shapeshifter) (D:8)
  The ghost of coffee the Nimble, a novice SpAK of Lugonu (D:8)
  An unseen horror (D:10)
  A deep elf mage (D:13)
  3 ugly things (D:8)
  3 cyclopes
  A manticore (D:11)
  Joseph (D:10)
  Maurice (D:10)
  A centaur skeleton (D:10)
  An efreet (D:13)
  A komodo dragon (shapeshifter) (D:8)
  A troll (D:12)
  A hornet (D:11)
  The ghost of HEYYEYAAE the Bolt Thrower, an amateur OpHu (D:3)
  2 hippogriffs (D:8)
  Grinder (D:6)
  A spriggan (shapeshifter) (D:8)
  A spriggan (D:7)
  A vampire (D:13)
  Eustachio (D:4)
  2 hungry ghosts
  8 yaks
  Menkaure (D:4)
  A neqoxec (D:8)
  A swamp worm (shapeshifter) (D:8)
  4 soldier ants
  3 wargs (D:8)
  Duvessa (D:4)
  3 sky beasts
  2 water moccasins
  12 orc warriors
  2 ice beasts
  3 black bears
  2 phantoms (D:8)
  6 ogres
  4 necrophages
  12 centaurs
  A crocodile (D:11)
  3 big kobolds
  9 bullfrogs
  Dowan (D:4)
  2 scorpions
  16 killer bees
  2 howler monkeys
  2 crimson imps
  A bullfrog zombie (D:5)
  2 jellies
  A centaur zombie (D:10)
  12 orc wizards
  4 bullfrog skeletons
  8 hounds
  11 orc priests
  An iron imp (D:5)
  4 iguanas
  17 worker ants
  8 gnolls
  11 adders
  4 shadow imps
  An ooze (D:3)
  2 adder zombies
  2 adder skeletons
  5 worms
  3 dart slugs
  10 leopard geckos
  78 orcs
  4 ball pythons
  11 bats
  6 giant cockroaches
  8 goblins
  7 hobgoblins
  13 jackals
  19 kobolds
  5 quokkas
  8 frilled lizards
  A goblin skeleton (D:5)
  2 goblin zombies (D:5)
  4 hobgoblin zombies (D:5)
  2 kobold zombies (D:5)
  An orc skeleton (D:5)
  A quokka skeleton (D:4)
  12 rats
426 creatures vanquished.

Vanquished Creatures (collateral kills)
  An ugly thing (D:8)
  A soldier ant (D:9)
  An adder (D:9)
3 creatures vanquished.

Grand Total: 429 creatures vanquished

Notes
Turn   | Place    | Note
-------+----------+-------------------------------------------
     0 | D:1      | systemy the Minotaur Berserker began the quest for the Orb.
     0 | D:1      | Reached XP level 1. HP: 19/19 MP: 0/0
   109 | D:1      | Reached skill level 4 in Axes
   118 | D:1      | Reached XP level 2. HP: 15/27 MP: 1/1
   303 | D:1      | Reached ** piety under Trog
   351 | D:1      | You fall through a shaft!
   360 | D:2      | Reached XP level 3. HP: 33/33 MP: 2/2
   870 | D:2      | Reached skill level 5 in Axes
  1002 | D:2      | Reached *** piety under Trog
  1169 | D:3      | Reached XP level 4. HP: 40/40 MP: 3/3
  1250 | D:3      | Reached XP level 5. HP: 37/47 MP: 4/4
  1284 | D:3      | Reached skill level 6 in Axes
  1387 | D:3      | Found a runed door.
  1409 | D:3      | Noticed HEYYEYAAE's ghost (amateur OpHu)
  1430 | D:3      | Killed HEYYEYAAE's ghost
  1430 | D:3      | Reached skill level 7 in Axes
  1430 | D:3      | Reached skill level 1 in Shields
  1430 | D:3      | Reached XP level 6. HP: 26/53 MP: 5/5
  1740 | D:3      | Reached **** piety under Trog
  1880 | D:4      | Noticed Menkaure
  1882 | D:4      | Killed Menkaure
  1882 | D:4      | Reached skill level 8 in Axes
  1882 | D:4      | Reached XP level 7. HP: 60/60 MP: 6/6
  1904 | D:4      | Got a bound silver ring
  1982 | D:4      | Reached skill level 5 in Fighting
  2129 | D:4      | Noticed Eustachio
  2149 | D:4      | Killed Eustachio
  2149 | D:4      | Reached skill level 9 in Axes
  2164 | D:4      | Found a staircase to the Ecumenical Temple.
  2221 | D:4      | Noticed Duvessa
  2222 | D:4      | Noticed Dowan
  2233 | D:4      | Killed Duvessa
  2233 | D:4      | Reached XP level 8. HP: 62/68 MP: 7/7
  2241 | D:4      | Killed Dowan
  2318 | D:4      | Reached ***** piety under Trog
  2550 | D:4      | Got a dazzling hand axe
  2551 | D:4      | Identified the +6 hand axe of the Equator {chop, rN++} (You
                  | found it on level 4 of the Dungeon)
  2586 | D:5      | Entered Level 5 of the Dungeon
  2609 | D:5      | Reached skill level 10 in Axes
  2839 | D:5      | Found Niuleism's Food Boutique.
  2856 | D:5      | Found an iron altar of Okawaru.
  2891 | D:5      | Found a glowing golden altar of the Shining One.
  2968 | D:5      | Found an ornate altar of the Wu Jian Council.
  2968 | D:5      | Found a burning altar of Makhleb.
  2969 | D:5      | Found a sparkling altar of Nemelex Xobeh.
  2970 | D:5      | Found a basalt altar of Yredelemnul.
  2971 | D:5      | Found a shattered altar of Ashenzari.
  3080 | D:6      | Reached skill level 11 in Axes
  3232 | D:6      | Noticed Grinder
  3242 | D:6      | Killed Grinder
  3326 | D:6      | Reached skill level 5 in Armour
  3326 | D:6      | Reached XP level 9. HP: 58/75 MP: 8/8
  3355 | D:6      | Found a snail-covered altar of Cheibriados.
  3364 | D:6      | Received a gift from Trog
  3674 | D:6      | Found a sand-covered staircase.
  3874 | D:6      | Received a gift from Trog
  3875 | D:6      | Found a shimmering altar of Xom.
  4305 | D:7      | Reached skill level 12 in Axes
  5050 | D:8      | Found a staircase to the Lair.
  5057 | D:8      | Reached skill level 13 in Axes
  5063 | D:8      | Reached skill level 5 in Dodging
  5063 | D:8      | Received a gift from Trog
  5066 | D:8      | Reached XP level 10. HP: 85/85 MP: 9/9
  5338 | D:8      | Reached skill level 5 in Shields
  5483 | D:8      | Noticed a two-headed ogre
  5494 | D:8      | Killed a two-headed ogre
  5494 | D:8      | Reached skill level 14 in Axes
  5722 | D:8      | Found a runed gate.
  5722 | D:8      | Found a runed gate.
  5723 | D:8      | Found a runed gate.
  5724 | D:8      | Noticed a red very ugly thing
  5725 | D:8      | Noticed a cyan ugly thing
  5729 | D:8      | Noticed a cyan ugly thing
  5926 | D:8      | Noticed a green ugly thing
  5931 | D:8      | Noticed a red ugly thing
  5944 | D:8      | Killed a red ugly thing
  5945 | D:8      | Killed a green ugly thing
  5949 | D:8      | Killed a green ugly thing
  5953 | D:8      | Killed a red very ugly thing
  5953 | D:8      | Reached XP level 11. HP: 93/93 MP: 10/10
  5963 | D:8      | Killed a red ugly thing
  5966 | D:8      | Found a runed gate.
  5966 | D:8      | Found a runed gate.
  5969 | D:8      | Found a runed gate.
  5969 | D:8      | Noticed a fire crab
  5969 | D:8      | Noticed a harpy
  5970 | D:8      | a harpy changed into a spiny frog
  5971 | D:8      | Noticed coffee's ghost (novice SpAK)
  6003 | D:8      | Reached skill level 15 in Axes
  6004 | D:8      | Killed a fire crab
  6013 | D:8      | Gained mutation: You expend magic power (3 MP) to
                  | strengthen your wands. [a neqoxec]
  6013 | D:8      | HP: 7/141 [white imp/puff of frost[a neqoxec] (11)]
  6014 | D:8      | HP: 3/141 [coffee's ghost (4)]
  6020 | D:8      | Gained mutation: Your magical capacity is low. (-10% MP) [a
                  | neqoxec]
  6533 | D:8      | Lost intelligence.
  6553 | D:8      | Killed coffee's ghost
  6647 | D:9      | Found an opulent altar of Gozag.
  6660 | D:9      | Found a hide-covered altar of Uskayaw.
  6703 | D:9      | Lost intelligence.
  6771 | D:9      | Found the +9 staff of Olgreb {rPois}
  6780 | D:9      | Found a runed door.
  6785 | D:9      | Lost intelligence.
  6793 | D:9      | Found a runed gate.
  6794 | D:9      | Found a runed door.
  6853 | D:9      | Found a runed gate.
  6855 | D:9      | Found a runed gate.
  7386 | D:9      | Received a gift from Trog
  7541 | D:10     | Entered Level 10 of the Dungeon
  7543 | D:10     | Noticed Joseph
  7555 | D:10     | Killed Joseph
  7638 | D:10     | Noticed Maurice
  7649 | D:10     | Killed Maurice
  7806 | D:10     | Found Kaisify's Gadget Boutique.
  7934 | D:10     | Noticed Snorg
  7948 | D:10     | Killed Snorg
  8225 | D:10     | Found a staircase to the Orcish Mines.
  8285 | D:10     | Killed an unseen horror
  8587 | D:10     | Noticed a two-headed ogre
  8597 | D:10     | Killed a two-headed ogre
  8597 | D:10     | Reached XP level 12. HP: 56/105 MP: 9/9
  8944 | D:10     | Identified the ring "Vunisk" {Int+4 Stlth+} (You found it
                  | on level 4 of the Dungeon)
  9095 | D:11     | Reached skill level 10 in Fighting
  9184 | D:11     | Got an ancient ivory amulet
  9302 | D:11     | Reached skill level 16 in Axes
  9340 | D:11     | Reached skill level 10 in Shields
  9671 | D:12     | Got a scintillating jade ring
  9822 | D:12     | Noticed a two-headed ogre
  9832 | D:12     | Killed a two-headed ogre
  9854 | D:12     | Noticed a four-headed hydra
  9864 | D:12     | Killed a nine-headed hydra
 10660 | D:13     | Noticed a six-headed hydra
 10676 | D:13     | Killed a ten-headed hydra
 10676 | D:13     | Reached skill level 10 in Armour
 10687 | D:13     | Noticed a two-headed ogre
 10707 | D:13     | Killed a two-headed ogre
 10769 | D:13     | Noticed a catoblepas
 10789 | D:13     | Slain by a catoblepas

Skill      XL: |  1  2  3  4  5  6  7  8  9 10 11 12 |
---------------+-------------------------------------+-----
Axes           | 4 5 7 8 9 11 13 14 15 16 | 16.8
Fighting       | 4 5 6 7 8 9 10 | 10.8
Dodging        | 3 4 5 6 |  6.9
Armour         | 3 5 6 8 10 | 10.2
Shields        | 1 2 3 4 7 9 10 | 10.9

Action                   |  1- 3 |  4- 6 |  7- 9 | 10-12 || total
-------------------------+-------+-------+-------+-------++-------
Melee: Hand axe          |   124 |    97 |   223 |   642 ||  1086
       Headbutt          |    14 |    16 |    43 |   139 ||   212
Invok: Berserk           |       |       |     3 |     6 ||     9
       Trog's Hand       |       |       |       |     2 ||     2
       Brothers in Arms  |       |       |       |     2 ||     2
  Use: Scroll            |       |     2 |       |     9 ||    11
       Potion            |       |       |       |    10 ||    10
 Stab: Sleeping          |     1 |       |       |       ||     1
  Eat: Chunk             |       |     3 |    12 |    11 ||    26
       Ration            |       |       |       |     6 ||     6
Armor: Animal skin       |    10 |       |       |       ||    10
       Ring mail         |    41 |    33 |    51 |    69 ||   194
       Plate armour      |       |       |       |   152 ||   152
Dodge: Dodged            |    81 |    26 |    66 |   164 ||   337
Block: Shield            |    13 |    28 |    79 |   307 ||   427
